 Dungeon Sprint DCSS version 0.31-a0-271-gb88eb75e06 (webtiles) character file.

Game seed: 2346323077976070980

4272 garrulousMonolith the Mimic (level 10, -15/73 HPs)
             Began as an Octopode Shapeshifter on July 14, 2023.
             Demolished by a draconian
             ... wielding a +0 trident
              (17 damage)
             ... in the Dungeon (Sprint V: "Ziggurat Sprint").
             The game lasted 00:03:40 (312 turns).

garrulousMonolith the Mimic (Octopode Shapeshifter)  Turns: 312, Time: 00:03:40

Health: -15/73     AC:  1    Str: 30    XL:     10   Next: 31%
Magic:  10/10      EV: 14    Int: 22    God:
Gold:   0          SH: 33    Dex: 26    Spells: 9/9 levels left

rFire   . . .        l - +16 consecrated labrys {holy, Valiant Fragile Fly SInv}
rCold   . . .        K - +18 shield of the Gong {Loud rN+ Will+ rCorr EV-5}
rNeg    + . .        (helmet restricted)
rPois   .            L - amulet of reflection
rElec   .            r - ring of flight
rCorr   +            s - +6 ring of dexterity
SInv    +            t - +6 ring of dexterity
Will    +....        u - +6 ring of intelligence
Stlth   +++          v - +6 ring of intelligence
HPRegen 0.32/turn    w - +6 ring of strength
MPRegen 0.12/turn    x - +6 ring of strength
                     (no ring)

%: no teleportation, reflection
@: maw-form, flying, studying Maces & Flails
A: devouring maw, almost no armour, amphibious, 8 rings, camouflage 1,
gelatinous body 1, (nimble swimmer 1), tentacles
a: Begin Untransformation


You were in the Dungeon.
You were a creature with a mouth for a stomach.
You visited 1 branch

Inventory:

Hand Weapons
 l - the +16 consecrated labrys (weapon) {holy, Valiant Fragile Fly SInv}
   (You found it in the Dungeon)

   Valiant:   It becomes more powerful as more dangerous foes come into view.
   SInv:      It lets you see invisible.
   Fly:       It grants you flight.
   Fragile:   It will be destroyed if unequipped.
 F - the +11 Singing Sword {sonic wave}
   (You found it in the Dungeon)
 G - the +8 lance "Wyrmbane" {slay drac, rPois rF+ rC+ AC+3}
   (You found it in the Dungeon)

   AC:        It affects your AC (+3).
   rF:        It protects you from fire.
   rC:        It protects you from cold.
   rPois:     It protects you from poison.
 H - the +6 shillelagh "Devastator" {shatter}
   (You found it in the Dungeon)
 I - the +9 sword of Zonguldrok {reap}
   (You found it in the Dungeon)
 J - the +16 obsidian axe {drain, demonic, Mesm Drain Fly SInv}
   (You found it in the Dungeon)

   Mesm:      Its wielder is mesmerised by any visible foes, and it cannot be
   unequipped while any foes are visible.
   SInv:      It lets you see invisible.
   Fly:       It grants you flight.
   Drain:     It drains your maximum health when unequipped.
 O - the +9 broad axe of Akaniyss {antimagic, rElec}
   (You found it in the Dungeon)

   rElec:     It insulates you from electricity.
Armour
 K - the +18 shield of the Gong (worn) {Loud rN+ Will+ rCorr EV-5}
   (You found it in the Dungeon)

   Loud:      It is deafeningly noisy when blocking attacks.
   EV:        It affects your evasion (-5).
   rN:        It protects you from negative energy.
   rCorr:     It protects you from acid and corrosion.
   Will:      It increases your willpower.
Magical Staves
 M - the staff "Mutat" {+Blink rElec rC+ Str+2 Ice}
   (You found it in the Dungeon)

   [staff of cold]

   Base accuracy: +5 Base damage: 5 Base attack delay: 1.2 This weapon's minimum
   attack delay (0.6) is reached at skill level 12.
   Str:       It affects your strength (+2).
   rC:        It protects you from cold.
   rElec:     It insulates you from electricity.
   +Blink:    It lets you blink.
   Ice:       It increases the power of your Ice spells.
   It falls into the 'Staves' category.
   It is a one-tentacled weapon.
Jewellery
 r - a ring of flight (left tentacle)
 s - a +6 ring of dexterity (right tentacle)
 t - a +6 ring of dexterity (on tentacle)
 u - a +6 ring of intelligence (on tentacle)
 v - a +6 ring of intelligence (on tentacle)
 w - a +6 ring of strength (on tentacle)
 x - a +6 ring of strength (on tentacle)
 L - an amulet of reflection (around mantle)
Talismans
 b - a beast talisman
 B - a beast talisman
 C - a blade talisman
 D - a maw talisman
 E - a serpent talisman
Wands
 y - a wand of mindburst (7)
 z - a wand of iceblast (7)
 A - a wand of acid (9)
 N - a wand of flame (2)
Scrolls
 h - 4 scrolls of blinking
 n - 4 scrolls of amnesia
 o - 7 scrolls of fog
 p - 5 scrolls of identify
 q - 2 scrolls of fear
Potions
 a - a potion of lignification
 c - 10 potions of curing
 d - 6 potions of heal wounds
 e - 6 potions of haste
 f - 7 potions of magic
 g - 3 potions of berserk rage
 i - 2 potions of brilliance
 j - 2 potions of invisibility
 k - 4 potions of resistance
 m - 5 potions of might


   Skills:
 + Level 8.7 Fighting
 * Level 11.1 Axes
 + Level 8.4 Dodging
 * Level 11.8 Unarmed Combat
 * Level 12.0 Shapeshifting


You had 9 spell levels left.
You didn't know any spells.
Your spell library was empty.

Dungeon Overview and Level Annotations

Branches:
Dungeon (1/1)

Altars:
Ashenzari
Cheibriados
Dithmenos
Elyvilon
Fedhas
Gozag
Hepliaklqana
Kikubaaqudgha
Makhleb
Nemelex Xobeh
Okawaru
Qazlal
Ru
Sif Muna
Trog
Uskayaw
Vehumet
Wu Jian
Xom
Yredelemnul
Zin
The Shining One
Jiyva
Lugonu

Annotations:
D 1 transporter


Innate Abilities, Weirdness & Mutations

You are a creature with a mouth for a stomach.
Your midsection houses a second, enormous mouth.
You cannot wear most types of armour.
You are amphibious.
You can wear up to eight rings at the same time.
Your skin changes colour to match your surroundings (Stealth+).
Your rubbery body absorbs attacks. (AC +1, EV +1)
((You are camouflaged when in or above water. (Stealth+)))
You have tentacles for arms and can constrict up to eight enemies at once.


Message History

The purple draconian hits you with a +0 dire flail!
* * * LOW HITPOINT WARNING * * *
The draconian misses you.
You feel much better.
You constrict the yellow draconian! The yellow draconian spits acid at you.
The glob of acid hits you! You resist.
You block the purple draconian's attack.
GONNNNG!
You block the draconian's attack.
SHROANNG!
Okay, then.
You feel much better.
You constrict the yellow draconian, but do no damage.
You block the draconian's attack.
GONNNNG!
The yellow draconian struggles to escape constriction.
The purple draconian breathes dispelling energy at you.
The bolt of dispelling energy hits you!!
Your magical effects are unravelling.
* * * LOW HITPOINT WARNING * * *
You block the draconian's attack.
SHROANNG!
You block the draconian's attack.
BONNNG!
You slash the purple draconian! Your grab misses the purple draconian.
You bite the purple draconian, but do no damage.
The purple draconian is severely wounded.
You barely miss the draconian. You slash the draconian!
You slash the yellow draconian!
You are no longer corroded.
You constrict the yellow draconian.
The draconian hits you with a +0 short sword!
* * * LOW HITPOINT WARNING * * *
The yellow draconian spits acid at you. The glob of acid hits you! You resist.
* * * LOW HITPOINT WARNING * * *
You block the purple draconian's attack.
GONNNNG!
The draconian hits you from afar with a +0 trident!
You die...

▓...©....▓...©....▓
▓▓▓▓▓▓▓▓▓▓▓▓▓▓▓▓▓▓▓
▓..8©8..▓ ▓..)/)..▓
▓..))|..▓ ▓.......▓
▓...d...▓ ▓..dd)..▓
▓..dW...▓ ▓..d....▓
▓...©...▓ ▓▓▓▓▓▓▓▓▓


You could see a yellow draconian (catching breath), a purple draconian and 3
draconians.

Vanquished Creatures
  2 two-headed ogres (D)
  A dancing weapon (D)
  A deep elf archer (D)
  An ugly thing (D)
  A cyclops (D)
  A draconian (D)
  A hog (shapeshifter) (D)
  A human (shapeshifter) (D)
  3 water moccasins (D)
  An ogre (D)
  An ogre (shapeshifter) (D)
  An earth elemental (D)
  A crimson imp (D)
  A quasit (D)
  2 adders (D)
19 creatures vanquished.

Notes
Turn   | Place    | Note
-------+----------+-------------------------------------------
     0 | D        | garrulousMonolith the Octopode Shapeshifter began the quest
                  | for the Orb.
     0 | D        | Reached XP level 1. HP: 14/14 MP: 1/1
     0 | D        | Found a shimmering blue altar of Sif Muna.
     0 | D        | Found a sacrificial altar of Ru.
     0 | D        | Found a bloodstained altar of Trog.
     0 | D        | Found a stormy altar of Qazlal.
     0 | D        | Found an iron altar of Okawaru.
     0 | D        | Found a sparkling altar of Nemelex Xobeh.
     0 | D        | Found a blossoming altar of Fedhas.
     0 | D        | Found the +6 Majin-Bo {spellvamp, MP+6 Int+6}
     0 | D        | Found the +27 heavy crossbow "Sniper" {heavy, Acc+∞ SInv}
     0 | D        | Found the +10 dark maul {heavy}
     0 | D        | Found the +15 Maxwell's patent armour {-Cast -Tele rElec
                  | Will+ rCorr}
     0 | D        | Found the +18 shield of the Gong {Loud rN+ Will+ rCorr
                  | EV-5}
     0 | D        | Found the +16 obsidian axe {drain, demonic, Mesm Drain Fly
                  | SInv}
     0 | D        | Found the +7 great mace "Firestarter" {flame, immolate,
                  | rFlCloud rF++}
     0 | D        | Found the +6 shillelagh "Devastator" {shatter}
     0 | D        | Found the +11 plutonium sword {Contam Stlth-}
     0 | D        | Found the +8 lance "Wyrmbane" {slay drac, rPois rF+ rC+
                  | AC+3}
     0 | D        | Found the +9 sword of Zonguldrok {reap}
     0 | D        | Found the +13 scythe of Curses {drain, curses, Drain}
     0 | D        | Found the +9 sword of Power {lifebolt}
     0 | D        | Found the +7 mace of Variability {chaos, chaos arc}
     0 | D        | Found the +11 Singing Sword {sonic wave}
     0 | D        | Found the +8 storm bow {elec, penet}
     2 | D        | Found a transporter.
     2 | D        | Found an ancient bone altar of Kikubaaqudgha.
     2 | D        | Found a viscous altar of Jiyva.
     2 | D        | Found a corrupted altar of Lugonu.
     2 | D        | Found a hazy altar of Hepliaklqana.
     2 | D        | Found a burning altar of Makhleb.
     2 | D        | Found an opulent altar of Gozag.
    39 | D        | Reached skill level 6 in Shapeshifting
    39 | D        | Reached XP level 2. HP: 19/19 MP: 2/2
    50 | D        | Entered arena 2.
    50 | D        | Found the +4 consecrated labrys {holy, Valiant Fragile Fly
                  | SInv}
    50 | D        | Noticed a crimson imp
    50 | D        | Found a transporter.
    54 | D        | Reached skill level 7 in Shapeshifting
    54 | D        | Reached XP level 3. HP: 20/25 MP: 3/3
    58 | D        | Reached XP level 4. HP: 26/31 MP: 4/4
    62 | D        | Entered arena 3.
    62 | D        | Noticed an earth elemental
    62 | D        | Noticed a +0 hand axe of electrocution
    62 | D        | Noticed a deep elf archer
    62 | D        | Found a transporter.
    66 | D        | Killed a +0 hand axe of electrocution
    67 | D        | Reached skill level 5 in Fighting
    67 | D        | Reached skill level 5 in Dodging
    67 | D        | Reached skill level 9 in Shapeshifting
    67 | D        | Reached XP level 5. HP: 29/40 MP: 5/5
    67 | D        | Reached XP level 6. HP: 32/45 MP: 6/6
    67 | D        | Reached XP level 7. HP: 36/50 MP: 7/7
    79 | D        | Killed a deep elf archer
    80 | D        | Reached skill level 10 in Shapeshifting
    80 | D        | Reached XP level 8. HP: 58/58 MP: 8/8
    95 | D        | Got the staff "Mutat" {+Blink rElec rC+ Str+2 Ice}
   197 | D        | Entered arena 4.
   197 | D        | Noticed a two-headed ogre
   197 | D        | Noticed a two-headed ogre
   197 | D        | Noticed a cyclops
   197 | D        | Found a transporter.
   204 | D        | Killed a two-headed ogre
   205 | D        | Reached XP level 9. HP: 64/64 MP: 9/9
   205 | D        | Killed a cyclops
   205 | D        | Killed a two-headed ogre
   206 | D        | Reached skill level 10 in Axes
   206 | D        | Reached skill level 10 in Unarmed Combat
   206 | D        | Reached skill level 11 in Shapeshifting
   216 | D        | Entered arena 5.
   216 | D        | Noticed a white ugly thing
   216 | D        | Found a transporter.
   225 | D        | Killed a white ugly thing
   226 | D        | Reached XP level 10. HP: 56/72 MP: 10/10
   281 | D        | Got the +9 broad axe of Akaniyss {antimagic, rElec}
   284 | D        | Entered arena 6.
   284 | D        | Found a transporter.
   302 | D        | Entered arena 7.
   302 | D        | Noticed a draconian
   302 | D        | Noticed a draconian
   302 | D        | Noticed a purple draconian
   302 | D        | Noticed a yellow draconian
   302 | D        | Noticed a draconian
   302 | D        | Noticed a draconian
   303 | D        | Found a transporter.
   308 | D        | Killed a draconian
   309 | D        | Reached skill level 12 in Shapeshifting
   312 | D        | HP: 2/73 [yellow draconian/glob of acid (10)]
   312 | D        | Demolished by a draconian

Illustrated notes

Levels and vault maps discovered:
D:        sprint_v [room_start, room_1, room_2, room_3, room_4, room_5, room_6,
          room_7, room_8, room_9, room_10, room_11, room_12, room_13, room_14,
          room_15, room_16, room_17, room_18, room_19, room_20, room_21,
          room_22, room_23, room_24, room_25, room_26, room_27]

Skill      XL: |  1  2  3  4  5  6  7  8  9 10 |
---------------+-------------------------------+-----
Shapeshifting  | 6 7 9 10 11 12 | 12.0
Unarmed Combat | 3 4 7 8 9 11 | 11.8
Fighting       | 3 5 6 7 8 |  8.7
Dodging        | 3 5 6 8 |  8.4
Axes           | 6 7 8 10 11 | 11.1

Action                     |  1- 3 |  4- 6 |  7- 9 | 10-12 || total
---------------------------+-------+-------+-------+-------++-------
  Melee: Double sword      |     2 |       |       |       ||     2
         Labrys            |       |     2 |    19 |    13 ||    34
         Maw               |       |     1 |     6 |     6 ||    13
         Tentacles         |       |     1 |     4 |     6 ||    11
         Constrict         |       |     1 |     3 |     6 ||    10
         Punch             |       |       |     2 |     4 ||     6
    Use: Potion            |     1 |     1 |     1 |     2 ||     5
   Stab: Sleeping          |     2 |       |       |       ||     2
  Dodge: Dodged            |       |       |     2 |     4 ||     6
  Block: Kite shield       |       |     3 |    30 |    24 ||    57
   Form: Maw               |     1 |       |       |       ||     1

Table legend: (Time is in decaauts)
 A = Elapsed time spent in this place.
 B = Non-inter-level travel time spent in this place.
 C = Inter-level travel time spent in this place.
 D = Time resting spent in this place.
 E = Time spent auto-exploring this place.
 F = Levels seen in this place.
 G = Mean time per level.
                   A        B        C        D        E       F      G
               +--------+--------+--------+--------+--------+-----+--------+
         Total |    317 |    317 |      0 |    148 |      0 |   1 |  317.0 |
       Dungeon |    317 |    317 |      0 |    148 |      0 |   1 |  317.0 |
               +--------+--------+--------+--------+--------+-----+--------+

Top non-repeatable levels by time:
       D: 317 daAuts
